 Dungeon Crawl Stone Soup version 0.18.1-8-gdd0e5ea (webtiles) character file.

7 KrisztiCat the Sneak (level 1, -1/9 HPs)
             Began as a Spriggan Enchanter on June 7, 2016.
             Slain by a jackal (3 damage)
             ... on level 1 of the Dungeon.
             The game lasted 00:03:29 (453 turns).

KrisztiCat the Sneak (Spriggan Enchanter)            Turns: 453, Time: 00:03:29

Health: -1/9       AC:  3    Str:  4    XL:     1   Next: 83%
Magic:  5/5        EV: 18    Int: 16    God:
Gold:   40         SH:  0    Dex: 16    Spells: 1 memorised, 4 levels left

rFire  . . .     SeeInvis +     a - +1 dagger
rCold  . . .     Gourm    .     b - +1 robe
rNeg   . . .     Faith    .     (shield restricted)
rPois  .         Spirit   .     (helmet restricted)
rElec  .         Dismiss  .     (no cloak)
rCorr  .         Reflect  .     (gloves unavailable)
SustAt .         Harm     +     (boots unavailable)
MR     .....                    h - amulet of harm
Stlth  +++.......               (no ring)
                                (no ring)

@: very quick, not resistant to hostile enchantments, fairly stealthy
A: unfitting armour, see invisible, herbivore 3, speed 3, slow metabolism 2
a: no special abilities


You were on level 1 of the Dungeon.
You were not hungry.

You visited 1 branch of the dungeon, and saw 2 of its levels.

You collected 40 gold pieces.

Inventory:

Hand Weapons
 a - a +1 dagger (weapon)
Armour
 b - a +1 robe (worn)
Jewellery
 h - an amulet of harm (around neck)
 j - an uncursed ring of protection from cold {unknown}
Scrolls
 e - 2 scrolls of identify {unknown}
 f - a scroll of remove curse {unknown}
 g - a scroll of noise {unknown}
 i - 2 scrolls of amnesia {unknown}
Books
 c - a book of Maledictions

   Spells                             Type                      Level
   a - Corona                         Hexes                        1
   b - Ensorcelled Hibernation        Hexes/Ice                    2
   c - Confuse                        Hexes                        3
   d - Tukima's Dance                 Hexes                        3
   e - Dazzling Spray                 Conjuration/Hexes            3
Comestibles
 d - a bread ration


   Skills:
 + Level 1.1 Short Blades
 - Level 3.0 Dodging
 + Level 5.2 Stealth
 - Level 2.6 Spellcasting
 - Level 3.7 Hexes


You had 4 spell levels left.
You knew the following spells:

 Your Spells              Type           Power        Failure   Level  Hunger
a - Corona                Hex            ##.....      6%          1    #......


Dungeon Overview and Level Annotations

Branches:
Dungeon (2/15)

Altars:


Innate Abilities, Weirdness & Mutations

You are tiny and cannot use many weapons and most armour.
You have supernaturally acute eyesight.
You are a herbivore.
You cover ground extremely quickly.
You need consume almost no food.


Message History

The jackal bites you but does no damage.
You barely miss the jackal.
The jackal is severely wounded.
The jackal closely misses you. The rat completely misses you.
The jackal bites you. The jackal misses you.
You barely miss the jackal.
The jackal is severely wounded.
The jackal barks!
The jackal barely misses you. The rat barely misses you.
The jackal closely misses you. x2
You hit the jackal but do no damage.
The jackal is severely wounded.
The jackal closely misses you. The rat closely misses you.
The jackal bites you.
You hit the jackal but do no damage.
The jackal is severely wounded.
The jackal misses you. The jackal bites you. The rat bites you.
* * * LOW HITPOINT WARNING * * *
The jackal bites you.
You die...

#....8.....#.........###.....
#.##...##..#.........# .....
#..##.##...########...# .....
##h.#'#..#........#...# ..... ..
##..#h#..#........#...# ..... ..
#..##h##.... .....# ..# ..... ...
#..+⌠<⌠+.... .....#...# .###
....#..##⌠##...##....##...# #
#.......#'#..#.h@r...+....#######
#...##..#)#..#hh.....#...........
##.....##.##...###...#...........
#....##...##..# ...#...........
#....h..8.....# .[......#######
##...#.....###.# ######........)
.....'.........####..............
.....#.....#####.....###.........
..............##.....# #.........


You could see 3 jackals and a rat.

Vanquished Creatures
  A goblin (D:1)
  4 kobolds (D:1)
  A bat (D:1)
  A giant newt (D:1)
  A rat (D:1)
8 creatures vanquished.

Notes
Turn   | Place    | Note
--------------------------------------------------------------
     0 | D:1      | KrisztiCat the Spriggan Enchanter began the quest for the Orb.
     0 | D:1      | Reached XP level 1. HP: 9/9 MP: 5/5
   171 | D:1      | Reached skill level 5 in Stealth
   453 | D:1      | Slain by a jackal

Skill      XL: |  1 |
---------------+----+-----
Stealth        | 5 |  5.2
Short Blades   | |  1.1
Dodging        | |  3.0
Spellcasting   | |  2.6
Hexes          | |  3.7

Action                   || total
-------------------------++-------
Melee: Dagger            ||    38
  Use: Potion            ||     1
 Stab: Sleeping          ||     2
Armor: Robe              ||     3
Dodge: Dodged            ||    35
